 Dungeon Crawl Stone Soup version 0.14-a0-1297-g3d87a2a (webtiles) character file.

555 Jenx the Cudgeler (level 6, -2/47 HPs)
             Began as a Djinni Fighter on Dec 4, 2013.
             Slain by an ogre
             ... wielding a cursed +0,-2 giant spiked club
              (11 damage)
             ... on Level 4 of the Dungeon.
             The game lasted 00:09:59 (2463 turns).

Jenx the Cudgeler (Djinni Fighter)                  Turns: 2463, Time: 00:09:59

HP  -2/47        AC 12     Str 18      XL: 6   Next: 46%
MP   0/0         EV  2     Int  8      God:
Gold 175         SH 18     Dex 13      Spells:  0 memorised,  5 levels left

rFire  + + +     SeeInvis .     a - +1,+2 flail
rCold  . . .     Clarity  .     w - +0 plate armour
rNeg   + + +     Conserve .     c - +0 shield
rPois  +         rCorr    .     (no helmet)
rElec  .         rRot     .     n - +0 cloak
SustAb . .       Spirit   .     (no gloves)
rMut   .         Warding  .     (boots unavailable)
Saprov . . .     Stasis   .     (no amulet)
                                u - cursed ring of ice
                                d - ring of poison resistance

@: flying, slightly resistant to hostile enchantments, extremely unstealthy
A: fire immunity, cold vulnerability, life protection 3
a: no special abilities


You were on level 4 of the Dungeon.
You were not hungry.

You visited 1 branch of the dungeon, and saw 4 of its levels.

You collected 175 gold pieces.

Inventory:

Hand weapons
 a - a +1,+2 flail (weapon)
 m - a +0,+0 sling of frost
 s - a +0,+0 mace
Missiles
 b - 8 tomahawks (quivered)
Armour
 c - a +0 shield (worn)
 n - a +0 cloak (worn)
 w - a +0 plate armour (worn)
Scrolls
 f - 2 scrolls of identify
 g - a scroll of curse jewellery {unknown}
 h - a scroll of curse weapon {unknown}
 j - 2 scrolls of fog {unknown}
 l - a scroll of remove curse
 o - a scroll of random uselessness {unknown}
 p - a scroll of recharging {unknown}
 r - 4 scrolls of teleportation
Jewellery
 d - a ring of poison resistance (left hand)
 q - an uncursed ring of see invisible
 u - a cursed ring of ice (right hand)
Potions
 e - 2 potions of mutation
 i - a potion of curing
 k - 2 potions of restore abilities {unknown}
 t - a potion of magic {unknown}


   Skills:
 - Level 2.6 Fighting
 * Level 7.0 Maces & Flails
 - Level 3.2 Armour
 - Level 3.0 Shields


You had 5 spell levels left.
You didn't know any spells.

Dungeon Overview and Level Annotations

Branches:
Dungeon (4/16)
 Temple: D:4-7

Altars:
Nemelex Xobeh

Annotations:
D:4 Ijyb


Innate Abilities, Weirdness & Mutations

You are immune to all types of fire, even holy and hellish.
You are vulnerable to cold.
You need no food.
You have no legs.
You are immune to negative energy.


Message History

Ijyb zaps a wand.
You resist.
Ijyb zaps a wand.
You are confused.
You sock the kobold!
You kill the kobold!
Ijyb zaps a wand.
You are more confused.
Ijyb zaps a wand.
You resist. The ogre hits you but does no damage.
Things that are here:
an elven short sword; a kobold corpse The ogre hits you with a giant spiked club!
* * * LOW HITPOINT WARNING * * *
Ijyb zaps a wand.
You resist. Ijyb hits you but does no damage.
Ijyb zaps a wand.
You resist.
Drink which item? (? for menu, Esc to quit)
You feel better.
It was a potion of curing.
The ogre hits you with a giant spiked club!
You die...

.......................# #.
..................##..## #
....................#..
.....................###
.........≈............#
.........≈≈≈..)........#
.........≈≈≈≈≈.........####
........≈≈≈≈≈≈Og..........#
.........≈≈≈≈≈@......###..#
...........≈≈≈.......## ###
............≈..#.....##
..........##....#.#...#
..........#...%###.###
.........#.....# ###
........###....# ......$.
##...# ....... #...#


You could see Ijyb and an ogre.

Vanquished Creatures
  Menkaure (D:4)
  The ghost of shugdite the Shield-Bearer, a weakling MiFi (D:3)
  A worker ant (D:4)
  Terence (D:2)
  4 adders
  3 gnolls (D:3)
  A giant mite (D:4)
  A worm (D:2)
  An adder skeleton (D:4)
  A giant gecko (D:2)
  An ooze (D:2)
  10 orcs
  A ball python (D:1)
  10 bats
  6 giant cockroaches
  12 hobgoblins
  10 jackals
  11 kobolds
  5 giant newts
  7 goblins
  7 rats
95 creatures vanquished.

Notes
Turn   | Place    | Note
--------------------------------------------------------------
     0 | D:1      | Jenx, the Djinni Fighter, began the quest for the Orb.
     0 | D:1      | Reached XP level 1. HP: 16/16 MP: 0/0
   141 | D:1      | Reached XP level 2. EP: 22/22
   678 | D:2      | Reached XP level 3. EP: 25/28
   995 | D:2      | Reached skill level 4 in Maces & Flails
  1026 | D:2      | Reached XP level 4. EP: 10/34
  1135 | D:2      | Noticed Terence
  1152 | D:2      | Killed Terence
  1229 | D:2      | Found a sparkling altar of Nemelex Xobeh.
  1476 | D:3      | Noticed shugdite's ghost (weakling MiFi)
  1500 | D:3      | Killed shugdite's ghost
  1500 | D:3      | Reached skill level 5 in Maces & Flails
  1500 | D:3      | Reached XP level 5. EP: 20/40
  1921 | D:3      | Reached skill level 6 in Maces & Flails
  2237 | D:4      | Noticed Menkaure
  2243 | D:4      | Killed Menkaure
  2243 | D:4      | Reached XP level 6. EP: 21/47
  2340 | D:4      | Reached skill level 7 in Maces & Flails
  2431 | D:4      | Noticed Ijyb
  2433 | D:4      | Noticed an ogre
  2460 | D:4      | HP: 2/47 [ogre/giant spiked club (16)]
  2463 | D:4      | Slain by an ogre

Action                   |  1- 3 |  4- 6 || total
-------------------------+-------+-------++-------
Melee: Mace              |   173 |    12 ||   185
       Flail             |       |   158 ||   158
Throw: Dart              |       |     5 ||     5
  Use: Scroll            |     2 |     7 ||     9
       Potion            |       |     1 ||     1
